[ AOE2 MATCH · #469751943 ]
UnrankedMalay vs Chinese
Player's team · LOSS
[ REPLAY ANALYSIS · EXTRACTED FROM THE RECORDED GAME ]
Feudal
—
Castle
—
Imperial
—
| APM avg | 24.7 |
| APM peak | 7 |
| eAPM avg | 24.7 |
| Villagers / military | 0 / 0 |
Feudal
—
Castle
—
Imperial
—
| APM avg | 17.7 |
| APM peak | 5 |
| eAPM avg | 17.7 |
| Villagers / military | 15 / 0 |
Focus
⚔️ 0.0% · 🌾 100.0%
Feudal
—
Castle
—
Imperial
—
| APM avg | 99.0 |
| APM peak | 28 |
| eAPM avg | 95.4 |
| Villagers / military | 15 / 0 |
Focus
⚔️ 0.0% · 🌾 100.0%
Match map
Resources at game start + every placement click. Thick line = wall · dashed box = detected house wall. 🟡 gold · ⚪ stone · 🟢 berries · 🔶 boar · ⭕ relic
Inputs per minute
— IsaacNewton - - cashthepain1
Build order — IsaacNewton
0 actions detected in the replay
Build order — cashthepain1
2 actions detected in the replay
| 0:04 | Create | Villager (Male) ×15 |
| 0:15 | Build | Town Center |
Build order — Flipslips
22 actions detected in the replay
| 0:01 | Create | Villager (Male) |
| 0:02 | Create | Villager (Male) |
| 0:02 | Create | Villager (Male) |
| 0:02 | Create | Villager (Male) |
| 0:03 | Create | Villager (Male) |
| 0:03 | Create | Villager (Male) |
| 0:03 | Create | Villager (Male) |
| 0:04 | Create | Villager (Male) |
| 0:04 | Create | Villager (Male) |
| 0:04 | Create | Villager (Male) |
| 0:04 | Create | Villager (Male) |
| 0:05 | Create | Villager (Male) |
| 0:05 | Create | Villager (Male) |
| 0:06 | Create | Villager (Male) |
| 0:06 | Create | Villager (Male) |
| 0:10 | Build | Town Center |
| 0:11 | Build | Town Center |
| 0:11 | Build | Town Center |
| 0:11 | Build | Town Center |
| 0:12 | Build | Town Center |
| 0:13 | Build | Town Center |
| 0:13 | Build | Town Center |
Match timeline
| 0:12 | IsaacNewton · resign |
[ AI ANALYSIS · 1 CREDIT ]
What really happened in this match?
Wolo.gg analyzes every decision: build order, eco, micro, common mistakes by bracket. Personalized analysis on WhatsApp or Discord in 30 seconds.
Civ guide
Malay
Map guide
Michi
Perfil
IsaacNewton